 Dungeon Crawl Stone Soup version 0.24.1-4-ge52af88ad5 (webtiles) character file.

Game seed: 16149056071405608411, levelgen mode: deterministic

259 Jakon the Archer (level 5, 0/45 HPs)
             Began as a Centaur Hunter on Apr 15, 2020.
             Killed from afar by MisterOstroum's ghost (5 damage)
             ... with a magic dart
             ... on level 4 of the Dungeon.
             The game lasted 00:19:06 (2689 turns).

Jakon the Archer (Centaur Hunter)                   Turns: 2689, Time: 00:19:08

Health: 0/45       AC:  4    Str: 14    XL:     5   Next: 94%
Magic:  0/5        EV:  9    Int: 10    God:
Gold:   172        SH:  0    Dex: 11    Spells: 4/4 levels left

rFire    . . .     SeeInvis .   o - +0 dagger (speed)
rCold    . . .     Gourm    .   (no shield)
rNeg     . . .     Faith    .   c - +0 leather armour
rPois    .         Spirit   +   (no helmet)
rElec    .         Reflect  .   l - scarf {Spirit}
rCorr    .         Harm     .   (no gloves)
MR       .....                  (no barding)
Stlth    +.........             (no amulet)
HPRegen  0.15/turn              (no ring)
MPRegen  0.09/turn              (no ring)

@: lethally poisoned (0 -> -22), flying, very quick
A: large, hooves 3, deformed body, speed 2, tough skin 3
a: no special abilities


You were on level 4 of the Dungeon.
You were not hungry.

You visited 1 branch of the dungeon, and saw 4 of its levels.

You collected 172 gold pieces.

Inventory:

Hand Weapons
 a - a +1 shortbow
 o - a +0 dagger of speed (weapon)
Armour
 c - a +0 leather armour (worn)
 l - a scarf of spirit shield (worn)
Scrolls
 b - a scroll of identify {unknown}
 h - 2 scrolls of teleportation {unknown}
 j - 2 scrolls of random uselessness {unknown}
 k - 2 scrolls of remove curse
 p - a scroll of fear {unknown}
 q - a scroll of amnesia {unknown}
 s - a scroll of noise {unknown}
Potions
 e - a potion of haste
 t - a potion of heal wounds {unknown}
 u - a potion of might {unknown}
 v - a potion of curing {unknown}
Comestibles
 f - 4 rations
 g - 2 chunks of flesh


   Skills:
 + Level 3.4 Fighting
 + Level 8.3 Bows
 + Level 1.1 Armour
 + Level 1.4 Dodging
 + Level 0.4 Stealth


You had 4 spell levels left.
You didn't know any spells.
Your spell library contained the following spells:

 Spells                   Type           Power        Failure   Level  Hunger
 Magic Dart               Conj           #...         43%         1    ##.....
 Blink                    Tloc           N/A          56%         2    ###....
 Call Imp                 Summ           #.......     56%         2    ###....
 Slow                     Hex            #.......     56%         2    ###....
 Conjure Flame            Conj/Fire      #.......     80%         3    ####...
 Mephitic Cloud           Conj/Pois/Air  #.......     80%         3    ####...


Dungeon Overview and Level Annotations

Branches:
Dungeon (4/15)
 Temple: D:4-7

Altars:
Hepliaklqana
Nemelex Xobeh
Vehumet
Yredelemnul
The Shining One

Annotations:
D:3 3 runed translucent doors, VPR's ghost, amateur GrEE
D:4 MisterOstroum's ghost, amateur HOWz


Innate Abilities, Weirdness & Mutations

You have hooves in place of feet.
Armour fits poorly on your strangely shaped body.
You cover ground very quickly.
You have extremely tough skin. (AC +3)


Message History

Your magical effects are unravelling.
You feel magically purged.
You feel less wooden.
Your scarf of spirit shield unmelds from your body.
Your +0 leather armour unmelds from your body.
You feel spirits watching over you.
You feel less invigorated.
You feel yourself slow down.
You feel less confused.
* * * LOW HITPOINT WARNING * * *
You feel sick.
MisterOstroum's ghost points at you and mumbles some strange words.
The magic dart hits you!
* * * LOW HITPOINT WARNING * * *
It was a potion of flight.
You feel very buoyant.
You fly up into the air.
* * * LOW HITPOINT WARNING * * *
You feel sick.
MisterOstroum's ghost gestures at you while chanting.
The magic dart hits you!
You die...

#########
##.#.....#
######..(≈≈≈≈(#
#.....@W#.....#
#.#####.########
.#####.####.#<#
...............#
.#.####......###
########


You could see MisterOstroum's ghost.

Vanquished Creatures
  A black bear (D:3)
  A gnoll shaman (D:3)
  4 gnolls (D:3)
  2 adders
  3 worms
  4 dart slugs (D:1)
  4 orcs (D:3)
  8 bats
  5 giant cockroaches
  6 hobgoblins
  3 jackals (D:1)
  2 quokkas
  A ball python (D:3)
  A frilled lizard (D:1)
  9 goblins
  8 kobolds
  6 rats
68 creatures vanquished.

Notes
Turn   | Place    | Note
-------+----------+-------------------------------------------
     0 | D:1      | Jakon the Centaur Hunter began the quest for the Orb.
     0 | D:1      | Reached XP level 1. HP: 17/17 MP: 1/1
   161 | D:1      | Reached XP level 2. HP: 24/24 MP: 2/2
   287 | D:1      | Reached skill level 6 in Bows
   549 | D:1      | Reached XP level 3. HP: 29/29 MP: 1/3
  1195 | D:2      | Reached skill level 7 in Bows
  1716 | D:3      | Found a runed translucent gate.
  1716 | D:3      | Found a runed translucent gate.
  1717 | D:3      | Found a runed translucent gate.
  1718 | D:3      | Noticed VPR's ghost (amateur GrEE)
  1732 | D:3      | Reached XP level 4. HP: 36/36 MP: 4/4
  2007 | D:3      | Noticed a black bear
  2027 | D:3      | Killed a black bear
  2027 | D:3      | Reached skill level 8 in Bows
  2027 | D:3      | Reached XP level 5. HP: 42/42 MP: 5/5
  2312 | D:3      | Found a radiant altar of Vehumet.
  2312 | D:3      | Found a sparkling altar of Nemelex Xobeh.
  2318 | D:3      | Found a basalt altar of Yredelemnul.
  2327 | D:3      | Found a hazy altar of Hepliaklqana.
  2329 | D:3      | Found a glowing golden altar of the Shining One.
  2492 | D:3      | Reached skill level 1 in Armour
  2657 | D:4      | Found a runed translucent door.
  2658 | D:4      | Noticed MisterOstroum's ghost (amateur HOWz)
  2689 | D:4      | Killed from afar by MisterOstroum's ghost

Levels and vault maps discovered:
D:1:      giann_horns, layout_basic
D:2:      layout_basic
D:3:      layout_basic, chequers_temple_overflow_minitemple,
          gammafunk_ghost_split, corexii_item_surrounded_by_moat
D:4:      layout_loops_ring, minmay_temple_entry_mist,
          ebering_ghost_reflecting_pool, first_ration,
          nicolae_dithmenos_through_a_glass_darkly

Skill      XL: |  1  2  3  4  5 |
---------------+----------------+-----
Bows           | 6 7 8 |  8.3
Fighting       | 3 |  3.4
Armour         | 1 |  1.1
Dodging        | |  1.4
Stealth        | |  0.4

Action                   |  1- 3 |  4- 6 || total
-------------------------+-------+-------++-------
Melee: Dagger            |       |    28 ||    28
       Kick              |       |     8 ||     8
 Fire: Shortbow          |   145 |    91 ||   236
  Use: Potion            |       |     5 ||     5
       Scroll            |       |     1 ||     1
  Eat: Chunk             |     1 |     2 ||     3
Armor: Leather armour    |    15 |    11 ||    26
       Skin              |       |     1 ||     1
Dodge: Dodged            |    24 |    22 ||    46
